 Dungeon Crawl Stone Soup version 0.28-a0-1182-g381e24db82 (webtiles) character file.

Game seed: 14885541140661580380

14 Hendrik the Cutter (level 2, 0/20 HPs)
             Began as a Kobold Berserker on Dec 17, 2021.
             Was a Follower of Trog.
             Succumbed to an adder's poison
             ... on level 2 of the Dungeon.
             The game lasted 00:03:38 (150 turns).

Hendrik the Cutter (Kobold Berserker)                Turns: 150, Time: 00:03:39

Health: 0/20       AC:  2    Str: 14    XL:     2   Next: 55%
Magic:  2/2        EV: 15    Int:  8    God:    Trog [*.....]
Gold:   8          SH:  0    Dex: 14    Spells: 1/1 levels left

rFire   . . .      SeeInvis .   a - +0 short sword
rCold   . . .      Faith    .   (shield restricted)
rNeg    . . .      Spirit   .   b - +0 animal skin
rPois   .          Reflect  .   (no helmet)
rElec   .          Harm     .   (no cloak)
rCorr   .          Rampage  .   (no gloves)
Will    .....                   (no boots)
Stlth   ++........              (no amulet)
HPRegen 0.06/turn               (no ring)
MPRegen 0.08/turn               (no ring)

@: lethally poisoned (0 -> -2)
A: small, no large weapons, nightstalker 3
a: Renounce Religion, Berserk


You were on level 2 of the Dungeon.
You worshipped Trog.
Trog was aware of your devotion.
You visited 1 branch of the dungeon, and saw 2 of its levels.

You collected 8 gold pieces.

Inventory:

Hand Weapons
 a - a +0 short sword (weapon)
Armour
 b - a +0 animal skin (worn)
Potions
 c - a potion of curing {unknown}


   Skills:
 + Level 3.8 Fighting
 + Level 4.2 Short Blades
 + Level 1.6 Armour
 + Level 2.7 Dodging


You had one spell level left.
You didn't know any spells.
Your spell library was empty.

Dungeon Overview and Level Annotations

Branches:
Dungeon (2/15)

Altars:


Innate Abilities, Weirdness & Mutations

You are small and have problems with some larger weapons.
You are completely attuned to the shadows.


Message History

You closely miss the quokka. The quokka barely misses you.
The quokka misses you.
You hit the quokka.
The quokka is almost dead.
The quokka misses you. The adder misses you.
You hit the adder.
The adder is moderately wounded.
The quokka bites you. The adder barely misses you.
You barely miss the adder.
The adder is moderately wounded.
The adder completely misses you. The quokka barely misses you.
You barely miss the adder.
The adder is moderately wounded.
The adder bites you. The quokka bites you.
The adder bites you but does no damage. The quokka completely misses you.
The quokka barely misses you. The adder closely misses you.
You hit the adder.
The adder is heavily wounded.
The quokka misses you. The adder closely misses you.
The quokka completely misses you.
You closely miss the adder.
The adder is heavily wounded.
The adder misses you. The quokka bites you.
You hit the adder.
The adder is almost dead.
The adder bites you. The quokka closely misses you. The adder bites you.
* * * LOW HITPOINT WARNING * * *
You are lethally poisoned!
The adder poisons you!
You hit the adder.
You kill the adder!
Trog accepts your kill.
* * * LOW HITPOINT WARNING * * *
You feel sick. The quokka barely misses you.
You have reached level 2!
Unknown command.
Unknown command.
* * * LOW HITPOINT WARNING * * *
You feel sick. The quokka barely misses you.
You die...

#.# #.#.#.#
.# #.#.#.##.#
.###.#.#.....
#...<........
......@......
........r.#..
..........#
..(..)#####
.......
########


You could see a quokka.

Vanquished Creatures
  An adder (D:2)
  2 goblins
  A hobgoblin (D:1)
4 creatures vanquished.

Notes
Turn   | Place    | Note
-------+----------+-------------------------------------------
     0 | D:1      | Hendrik the Kobold Berserker began the quest for the Orb.
     0 | D:1      | Reached XP level 1. HP: 14/14 MP: 1/1
   149 | D:2      | Reached XP level 2. HP: 2/20 MP: 2/2
   149 | D:2      | HP: 1/20 [poisoned by an adder]
   150 | D:2      | Succumbed to an adder's poison

Illustrated notes

Levels and vault maps discovered:
D:1:      wander_arrival_peaceful_grave, layout_loops_ring, minivault_27,
          due_unseen_surprise
D:2:      layout_basic, eino_curves_01

Action                   || total
-------------------------++-------
Melee: Short sword       ||    14
Invok: Berserk           ||     1
 Stab: Sleeping          ||     1
Armor: Animal skin       ||     3
Dodge: Dodged            ||    24

Table legend: (Time is in decaauts)
 A = Elapsed time spent in this place.
 B = Non-inter-level travel time spent in this place.
 C = Inter-level travel time spent in this place.
 D = Time resting spent in this place.
 E = Time spent auto-exploring this place.
 F = Levels seen in this place.
 G = Mean time per level.
                   A        B        C        D        E       F      G
               +--------+--------+--------+--------+--------+-----+--------+
         Total |    156 |     73 |     83 |      0 |     29 |   2 |   78.0 |
       Dungeon |    156 |     73 |     83 |      0 |     29 |   2 |   78.0 |
               +--------+--------+--------+--------+--------+-----+--------+

Top non-repeatable levels by time:
     D:1: 138 daAuts
     D:2: 17 daAuts
